Workbook

Sheet Planilha de Materiais e Serviço
C2: PLANILHA DE MATERIAIS E SERVIÇOS - EMEF PROFª MARIA AP. DE SOUZA BARBETI
C3: OBRA: | E3: REFORMA DE INSTALAÇÕES ELÉTRICAS PARA INSTALAÇÃO DE AR CONDICIONADO
C4: DATA: | E4: DEZEMBRO DE 2025
H5: BDI | J5: 0.2835
B7: Item | C7: Fonte | D7: Código | E7: Descrição | F7: Qde | G7: Unid | H7: Valor Unit. (sem BDI) - R$ | I7: Valor Unit. (com BDI) - R$ | J7: Valor Total (sem BDI) - R$ | K7: Valor Total (com BDI) - R$ | L7: obs.
B8: 1 | E8: SERVIÇOS INICIAIS | K8: =SUM(K9:K10) -> 4971.13
B9: 1.1 | C9: SINAPI | D9: 103689 | E9: FORNECIMENTO E INSTALAÇÃO DE PLACA DE OBRA COM CHAPA GALVANIZADA E ESTRUTURA DE MADEIRA. AF_03/2022_PS | F9: 2 | G9: m2 | H9: 474.01 | I9: =ROUND(H9*1.2835,2) -> 608.39 | J9: =F9*H9 -> 948.02 | K9: =ROUND(F9*I9,2) -> 1216.78
B10: 1.2 | C10: CDHU | D10: 02.02.150 | E10: LOCAÇÃO DE CONTAINER TIPO DEPÓSITO - ÁREA MÍNIMA DE 13,80m² | F10: 3 | G10: UNMES | H10: 975.03 | I10: =ROUND(H10*1.2835,2) -> 1251.45 | J10: =F10*H10 -> 2925.09 | K10: =ROUND(F10*I10,2) -> 3754.35
B12: 2 | E12: INSTALAÇÕES ELÉTRICAS | K12: =SUM(K13:K74) -> 202942.03
B13: 2.1 | C13: SINAPI | D13: 91929 | E13: CABO DE COBRE FLEXÍVEL ISOLADO, 4,0 MM², ANTI-CHAMA 0,6/1,0 KV, PARA CIRCUITOS TERMINAIS - FORNECIMENTO E INSTALAÇÃO. AF_03/2023 | F13: 765 | G13: M | H13: 8.25 | I13: =ROUND(H13*1.2835,2) -> 10.59 | J13: =F13*H13 -> 6311.25 | K13: =ROUND(F13*I13,2) -> 8101.35 | L13: (PRETO)
B14: 2.2 | C14: SINAPI | D14: 91929 | E14: CABO DE COBRE FLEXÍVEL ISOLADO, 4,0 MM², ANTI-CHAMA 0,6/1,0 KV, PARA CIRCUITOS TERMINAIS - FORNECIMENTO E INSTALAÇÃO. AF_03/2023 | F14: 40 | G14: M | H14: 8.25 | I14: =ROUND(H14*1.2835,2) -> 10.59 | J14: =F14*H14 -> 330 | K14: =ROUND(F14*I14,2) -> 423.6 | L14: (VERDE)
B15: 2.3 | C15: SINAPI | D15: 91931 | E15: CABO DE COBRE FLEXÍVEL ISOLADO, 6,0 MM², ANTI-CHAMA 0,6/1,0 KV, PARA CIRCUITOS TERMINAIS - FORNECIMENTO E INSTALAÇÃO. AF_03/2023 | F15: 760 | G15: M | H15: 11.54 | I15: =ROUND(H15*1.2835,2) -> 14.81 | J15: =F15*H15 -> 8770.4 | K15: =ROUND(F15*I15,2) -> 11255.6 | L15: (PRETO)
B16: 2.4 | C16: SINAPI | D16: 91931 | E16: CABO DE COBRE FLEXÍVEL ISOLADO, 6,0 MM², ANTI-CHAMA 0,6/1,0 KV, PARA CIRCUITOS TERMINAIS - FORNECIMENTO E INSTALAÇÃO. AF_03/2023 | F16: 80 | G16: M | H16: 11.54 | I16: =ROUND(H16*1.2835,2) -> 14.81 | J16: =F16*H16 -> 923.2 | K16: =ROUND(F16*I16,2) -> 1184.8 | L16: (VERDE)
B17: 2.5 | C17: SINAPI | D17: 91933 | E17: CABO DE COBRE FLEXÍVEL ISOLADO, 10 MM², ANTI-CHAMA 0,6/1,0 KV, PARA CIRCUITOS TERMINAIS - FORNECIMENTO E INSTALAÇÃO. AF_03/2023 | F17: 555 | G17: M | H17: 18.3 | I17: =ROUND(H17*1.2835,2) -> 23.49 | J17: =F17*H17 -> 10156.5 | K17: =ROUND(F17*I17,2) -> 13036.95 | L17: (PRETO)
B18: 2.6 | C18: SINAPI | D18: 91933 | E18: CABO DE COBRE FLEXÍVEL ISOLADO, 10 MM², ANTI-CHAMA 0,6/1,0 KV, PARA CIRCUITOS TERMINAIS - FORNECIMENTO E INSTALAÇÃO. AF_03/2023 | F18: 105 | G18: M | H18: 18.3 | I18: =ROUND(H18*1.2835,2) -> 23.49 | J18: =F18*H18 -> 1921.5 | K18: =ROUND(F18*I18,2) -> 2466.45 | L18: (VERDE)
B19: 2.7 | C19: SINAPI | D19: 92988 | E19: CABO DE COBRE FLEXÍVEL ISOLADO, 50 MM², ANTI-CHAMA 0,6/1,0 KV, PARA REDE ENTERRADA DE DISTRIBUIÇÃO DE ENERGIA ELÉTRICA - FORNECIMENTO E INSTALAÇÃO. AF_12/2021 | F19: 20 | G19: M | H19: 58.27 | I19: =ROUND(H19*1.2835,2) -> 74.79 | J19: =F19*H19 -> 1165.4 | K19: =ROUND(F19*I19,2) -> 1495.8 | L19: (VERDE)
B20: 2.8 | C20: SINAPI | D20: 92992 | E20: CABO DE COBRE FLEXÍVEL ISOLADO, 95 MM², ANTI-CHAMA 0,6/1,0 KV, PARA REDE ENTERRADA DE DISTRIBUIÇÃO DE ENERGIA ELÉTRICA - FORNECIMENTO E INSTALAÇÃO. AF_12/2021 | F20: 92 | G20: M | H20: 103.61 | I20: =ROUND(H20*1.2835,2) -> 132.98 | J20: =F20*H20 -> 9532.12 | K20: =ROUND(F20*I20,2) -> 12234.16 | L20: (PRETO)
B21: 2.9 | C21: SINAPI | D21: 92992 | E21: CABO DE COBRE FLEXÍVEL ISOLADO, 95 MM², ANTI-CHAMA 0,6/1,0 KV, PARA REDE ENTERRADA DE DISTRIBUIÇÃO DE ENERGIA ELÉTRICA - FORNECIMENTO E INSTALAÇÃO. AF_12/2021 | F21: 28 | G21: M | H21: 103.61 | I21: =ROUND(H21*1.2835,2) -> 132.98 | J21: =F21*H21 -> 2901.08 | K21: =ROUND(F21*I21,2) -> 3723.44 | L21: (AZUL)
B23: 2.10 | C23: CDHU | D23: 38.21.120 | E23: Eletrocalha lisa galvanizada a fogo, 100 x 50 mm, com acessórios | F23: 185 | G23: M | H23: 97.07 | I23: =ROUND(H23*1.2835,2) -> 124.59 | J23: =F23*H23 -> 17957.95 | K23: =ROUND(F23*I23,2) -> 23049.15
B24: 2.11 | C24: Composição | D24: =Composição!D9 -> Item 1 | E24: Tampa p/ curva horizontal 90° 100x50mm | F24: 6 | G24: PÇ | H24: 27.43 | I24: =ROUND(H24*1.2835,2) -> 35.21 | J24: =F24*H24 -> 164.58 | K24: =ROUND(F24*I24,2) -> 211.26
B25: 2.12 | C25: Composição | D25: =Composição!D14 -> Item 2 | E25: Saída de eletrocalha horizontal para eletroduto | F25: 16 | G25: PÇ | H25: 18.93 | I25: =ROUND(H25*1.2835,2) -> 24.3 | J25: =F25*H25 -> 302.88 | K25: =ROUND(F25*I25,2) -> 388.8
B26: 2.13 | C26: Composição | D26: =Composição!D19 -> Item 3 | E26: Curva horizontal 90° 100x50mm | F26: 6 | G26: PÇ | H26: 35.48 | I26: =ROUND(H26*1.2835,2) -> 45.54 | J26: =F26*H26 -> 212.88 | K26: =ROUND(F26*I26,2) -> 273.24
B27: 2.14 | C27: Composição | D27: =Composição!D24 -> Item 4 | E27: Terminal para eletrocalha 100x50mm | F27: 2 | G27: PÇ | H27: 19.68 | I27: =ROUND(H27*1.2835,2) -> 25.26 | J27: =F27*H27 -> 39.36 | K27: =ROUND(F27*I27,2) -> 50.52
B28: 2.15 | C28: CDHU | D28: 38.23.020 | E28: Suporte para eletrocalha, galvanizado a fogo, 100x50 mm | F28: 12 | G28: UN | H28: 24.81 | I28: =ROUND(H28*1.2835,2) -> 31.84 | J28: =F28*H28 -> 297.72 | K28: =ROUND(F28*I28,2) -> 382.08
B29: 2.16 | C29: CDHU | D29: 38.23.210 | E29: Mão francesa simples, galvanizada a fogo, L= 200 mm | F29: 123 | G29: UN | H29: 29.14 | I29: =ROUND(H29*1.2835,2) -> 37.4 | J29: =F29*H29 -> 3584.22 | K29: =ROUND(F29*I29,2) -> 4600.2
B30: 2.17 | C30: CDHU | D30: 38.07.210 | E30: Vergalhão com rosca, porca e arruela de diâmetro 1/4´ (tirante) | F30: 12 | G30: M | H30: 12.1 | I30: =ROUND(H30*1.2835,2) -> 15.53 | J30: =F30*H30 -> 145.2 | K30: =ROUND(F30*I30,2) -> 186.36
B32: 2.18 | C32: FDE | D32: 16.20.113 | E32: ELETRODUTO CORRUGADO ESPIRAL ENTERRADO PEAD D=100 CABINE PRIMÁRIA NBR 13897 | F32: 25 | G32: M | H32: 93.68 | I32: =ROUND(H32*1.2835,2) -> 120.24 | J32: =F32*H32 -> 2342 | K32: =ROUND(F32*I32,2) -> 3006
B33: 2.19 | C33: CDHU | D33: 38.05.040 | E33: Eletroduto galvanizado a quente conforme NBR6323 ‐ 3/4´ ‐ com acessórios | F33: 25 | G33: M | H33: 52.77 | I33: =ROUND(H33*1.2835,2) -> 67.73 | J33: =F33*H33 -> 1319.25 | K33: =ROUND(F33*I33,2) -> 1693.25
B34: 2.20 | C34: CDHU | D34: 38.05.060 | E34: Eletroduto galvanizado a quente conforme NBR6323 ‐ 1´ ‐ com acessórios | F34: 3 | G34: M | H34: 63.65 | I34: =ROUND(H34*1.2835,2) -> 81.69 | J34: =F34*H34 -> 190.95 | K34: =ROUND(F34*I34,2) -> 245.07
B35: 2.21 | C35: CDHU | D35: 38.05.160 | E35: Eletroduto galvanizado a quente conforme NBR6323 ‐ 3´ com acessórios | F35: 4 | G35: M | H35: 186.48 | I35: =ROUND(H35*1.2835,2) -> 239.35 | J35: =F35*H35 -> 745.92 | K35: =ROUND(F35*I35,2) -> 957.4
B36: 2.22 | C36: Composição | D36: =Composição!D44 -> Item 8 | E36: Abraçadeira galvanizada tipo D com cunha 3/4" | F36: 23 | G36: UN | H36: 18.12 | I36: =ROUND(H36*1.2835,2) -> 23.26 | J36: =F36*H36 -> 416.76 | K36: =ROUND(F36*I36,2) -> 534.98
B37: 2.23 | C37: Composição | D37: =Composição!D49 -> Item 9 | E37: Abraçadeira galvanizada tipo D com cunha 1´ | F37: 3 | G37: UN | H37: 18.38 | I37: =ROUND(H37*1.2835,2) -> 23.59 | J37: =F37*H37 -> 55.14 | K37: =ROUND(F37*I37,2) -> 70.77
B38: 2.24 | C38: Composição | D38: =Composição!D29 -> Item 5 | E38: Abraçadeira galvanizada tipo D com cunha 3´ | F38: 4 | G38: UN | H38: 21 | I38: =ROUND(H38*1.2835,2) -> 26.95 | J38: =F38*H38 -> 84 | K38: =ROUND(F38*I38,2) -> 107.8
B40: 2.25 | C40: FDE | D40: 09.01.005 | E40: TE-05 ENTRADA PRIMÁRIA SIMPLIF. POSTE UNICO - CPFL - 112,5 KVA - 15KV- 220/127 V | F40: 1 | G40: UN | H40: 56990.86 | I40: =ROUND(H40*1.2835,2) -> 73147.77 | J40: =F40*H40 -> 56990.86 | K40: =ROUND(F40*I40,2) -> 73147.77
B42: 2.26 | C42: SINAPI | D42: 93656 | E42: DISJUNTOR MONOPOLAR TIPO DIN, CORRENTE NOMINAL DE 25A - FORNECIMENTO E INSTALAÇÃO. AF_10/2020 | F42: 1 | G42: UN | H42: 14.33 | I42: =ROUND(H42*1.2835,2) -> 18.39 | J42: =F42*H42 -> 14.33 | K42: =ROUND(F42*I42,2) -> 18.39 | L42: Curva C - 25kA
B43: 2.27 | C43: SINAPI | D43: 93658 | E43: DISJUNTOR MONOPOLAR TIPO DIN, CORRENTE NOMINAL DE 40A - FORNECIMENTO E INSTALAÇÃO. AF_10/2020 | F43: 1 | G43: UN | H43: 23.53 | I43: =ROUND(H43*1.2835,2) -> 30.2 | J43: =F43*H43 -> 23.53 | K43: =ROUND(F43*I43,2) -> 30.2 | L43: Curva C - 25kA
B44: 2.28 | C44: SINAPI | D44: 93661 | E44: DISJUNTOR BIPOLAR TIPO DIN, CORRENTE NOMINAL DE 16A - FORNECIMENTO E INSTALAÇÃO. AF_10/2020 | F44: 4 | G44: UN | H44: 53.23 | I44: =ROUND(H44*1.2835,2) -> 68.32 | J44: =F44*H44 -> 212.92 | K44: =ROUND(F44*I44,2) -> 273.28 | L44: Curva C - 3kA
B45: 2.29 | C45: SINAPI | D45: 93663 | E45: DISJUNTOR BIPOLAR TIPO DIN, CORRENTE NOMINAL DE 25A - FORNECIMENTO E INSTALAÇÃO. AF_10/2020 | F45: 12 | G45: UN | H45: 58.34 | I45: =ROUND(H45*1.2835,2) -> 74.88 | J45: =F45*H45 -> 700.08 | K45: =ROUND(F45*I45,2) -> 898.56 | L45: Curva C - 3kA
B46: 2.30 | C46: FDE | D46: 09.02.088 | E46: DISJUNTOR TRIPOLAR TERMOMAGNETICO 3X10A A 3X50A | F46: 4 | G46: UN | H46: 122.32 | I46: =ROUND(H46*1.2835,2) -> 157 | J46: =F46*H46 -> 489.28 | K46: =ROUND(F46*I46,2) -> 628 | L46: Curva C - 40A 25kA
B47: 2.31 | C47: FDE | D47: 09.02.091 | E47: DISJUNTOR TRIPOLAR TERMOMAGNETICO 3X125A A 3X225A | F47: 1 | G47: UN | H47: 495.17 | I47: =ROUND(H47*1.2835,2) -> 635.55 | J47: =F47*H47 -> 495.17 | K47: =ROUND(F47*I47,2) -> 635.55 | L47: Curva C - 200A 25kA
B48: 2.32 | C48: FDE | D48: 09.02.043 | E48: DPS - DISPOSITIVO PROTECAO CONTRA SURTOS (ENERGIA) | F48: 11 | G48: UN | H48: 240.12 | I48: =ROUND(H48*1.2835,2) -> 308.19 | J48: =F48*H48 -> 2641.32 | K48: =ROUND(F48*I48,2) -> 3390.09 | L48: 275 V - 40 KA
B50: 2.33 | C50: SINAPI | D50: 96986 | E50: HASTE DE ATERRAMENTO, DIÂMETRO 3/4", COM 3 METROS - FORNECIMENTO E INSTALAÇÃO. AF_08/2023 | F50: 5 | G50: UN | H50: 134.66 | I50: =ROUND(H50*1.2835,2) -> 172.84 | J50: =F50*H50 -> 673.3 | K50: =ROUND(F50*I50,2) -> 864.2
B51: 2.34 | C51: CDHU | D51: 42.05.140 | E51: Conector olhal cabo/haste de 3/4´ | F51: 5 | G51: UN | H51: 23.4 | I51: =ROUND(H51*1.2835,2) -> 30.03 | J51: =F51*H51 -> 117 | K51: =ROUND(F51*I51,2) -> 150.15
B52: 2.35 | C52: CDHU | D52: 42.05.310 | E52: Caixa de inspeção do terra cilíndrica em PVC rígido, diâmetro de 300 mm ‐ h= 250 mm | F52: 5 | G52: UN | H52: 31.65 | I52: =ROUND(H52*1.2835,2) -> 40.62 | J52: =F52*H52 -> 158.25 | K52: =ROUND(F52*I52,2) -> 203.1
B53: 2.36 | C53: CDHU | D53: 39.04.080 | E53: Cabo de cobre nu, têmpera mole, classe 2, de 50 mm | F53: 230 | G53: m | H53: 59.49 | I53: =ROUND(H53*1.2835,2) -> 76.36 | J53: =F53*H53 -> 13682.7 | K53: =ROUND(F53*I53,2) -> 17562.8
B54: 2.37 | C54: Composição | D54: =Composição!D34 -> Item 6 | E54: Caixa metálica com tampa nas dimensões, placa de cobre com seção indicada em projeto, isoladores em epóxi e terminais de conexão entre placa e condutor de pressão. 400x400x200m | F54: 1 | G54: UN | H54: 701.27 | I54: =ROUND(H54*1.2835,2) -> 900.08 | J54: =F54*H54 -> 701.27 | K54: =ROUND(F54*I54,2) -> 900.08 | L54: BEP
B56: 2.38 | C56: FDE | D56: 09.04.028 | E56: QUADRO GERAL-DISJUNTOR TERMOMAGNETICO 3X300A | F56: 1 | G56: UN | H56: 2832.84 | I56: =ROUND(H56*1.2835,2) -> 3635.95 | J56: =F56*H56 -> 2832.84 | K56: =ROUND(F56*I56,2) -> 3635.95
B57: 2.39 | C57: FDE | D57: 09.04.025 | E57: QUADRO GERAL - DISJUNTOR TERMO MAGNETICO 3X125A A 3X225A | F57: 1 | G57: UN | H57: 495.17 | I57: =ROUND(H57*1.2835,2) -> 635.55 | J57: =F57*H57 -> 495.17 | K57: =ROUND(F57*I57,2) -> 635.55 | L57: 200A 25 Ka
B59: 2.40 | C59: FDE | D59: 09.85.064 | E59: CONDULETE DE 3/4" | F59: 16 | G59: PÇ | H59: 41.43 | I59: =ROUND(H59*1.2835,2) -> 53.18 | J59: =F59*H59 -> 662.88 | K59: =ROUND(F59*I59,2) -> 850.88
B60: 2.41 | C60: Composição | D60: =Composição!D39 -> Item 7 | E60: Box cônico 3/4" para condulete | F60: 17 | G60: UN | H60: 22.48 | I60: =ROUND(H60*1.2835,2) -> 28.85 | J60: =F60*H60 -> 382.16 | K60: =ROUND(F60*I60,2) -> 490.45
B61: 2.42 | C61: Composição | D61: =Composição!D54 -> Item 10 | E61: Tampa 3/4" cega para condulete | F61: 16 | G61: UN | H61: 20.86 | I61: =ROUND(H61*1.2835,2) -> 26.77 | J61: =F61*H61 -> 333.76 | K61: =ROUND(F61*I61,2) -> 428.32
B62: 2.43 | C62: Composição | D62: =Composição!D59 -> Item 11 | E62: Tampão 3/4" para condulete | F62: 45 | G62: UN | H62: 17.06 | I62: =ROUND(H62*1.2835,2) -> 21.9 | J62: =F62*H62 -> 767.7 | K62: =ROUND(F62*I62,2) -> 985.5
B64: 2.44 | C64: SINAPI | D64: 97891 | E64: CAIXA ENTERRADA ELÉTRICA RETANGULAR, EM ALVENARIA COM BLOCOS DE CONCRETO, FUNDO COM BRITA, DIMENSÕES INTERNAS: 0,4X0,4X0,4 M. AF_12/2020 | F64: 3 | G64: UN | H64: 235.65 | I64: =ROUND(H64*1.2835,2) -> 302.46 | J64: =F64*H64 -> 706.95 | K64: =ROUND(F64*I64,2) -> 907.38
B66: 2.45 | C66: SINAPI | D66: 88266 | E66: ELETROTÉCNICO COM ENCARGOS COMPLEMENTARES | F66: 20 | G66: H | H66: 50.63 | I66: =ROUND(H66*1.2835,2) -> 64.98 | J66: =F66*H66 -> 1012.6 | K66: =ROUND(F66*I66,2) -> 1299.6 | L66: Verba para eletricista verificar instalação existente
B67: 2.46 | C67: SINAPI | D67: 88247 | E67: AUXILIAR DE ELETRICISTA COM ENCARGOS COMPLEMENTARES | F67: 20 | G67: H | H67: 33.84 | I67: =ROUND(H67*1.2835,2) -> 43.43 | J67: =F67*H67 -> 676.8 | K67: =ROUND(F67*I67,2) -> 868.6 | L67: Verba para eletricista verificar instalação existente
B68: 2.47 | C68: SINAPI | D68: 88264 | E68: ELETRICISTA COM ENCARGOS COMPLEMENTARES ENCARGOS COMPLEMENTARES REFERENCIAL | F68: 20 | G68: H | H68: 44.61 | I68: =ROUND(H68*1.2835,2) -> 57.26 | J68: =F68*H68 -> 892.2 | K68: =ROUND(F68*I68,2) -> 1145.2 | L68: Verba para eletricista verificar instalação existente
B70: 2.48 | C70: SINAPI | D70: 88266 | E70: ELETROTÉCNICO COM ENCARGOS COMPLEMENTARES | F70: 20 | G70: H | H70: 50.63 | I70: =ROUND(H70*1.2835,2) -> 64.98 | J70: =F70*H70 -> 1012.6 | K70: =ROUND(F70*I70,2) -> 1299.6 | L70: Verba para remoção de instalações elétricas existentes e entrada de energia
B71: 2.49 | C71: SINAPI | D71: 88247 | E71: AUXILIAR DE ELETRICISTA COM ENCARGOS COMPLEMENTARES | F71: 20 | G71: H | H71: 33.84 | I71: =ROUND(H71*1.2835,2) -> 43.43 | J71: =F71*H71 -> 676.8 | K71: =ROUND(F71*I71,2) -> 868.6 | L71: Verba para remoção de instalações elétricas existentes e entrada de energia
B72: 2.50 | C72: SINAPI | D72: 88264 | E72: ELETRICISTA COM ENCARGOS COMPLEMENTARES ENCARGOS COMPLEMENTARES REFERENCIAL | F72: 20 | G72: H | H72: 44.61 | I72: =ROUND(H72*1.2835,2) -> 57.26 | J72: =F72*H72 -> 892.2 | K72: =ROUND(F72*I72,2) -> 1145.2 | L72: Verba para remoção de instalações elétricas existentes e entrada de energia
B75: 3 | E75: INSTALAÇÕES HIDRÁULICAS | K75: =SUM(K76:K77) -> 3776.4
B76: 3.1 | C76: SINAPI | D76: 89356 | E76: TUBO, PVC, SOLDÁVEL, DN 25MM, INSTALADO EM RAMAL OU SUB-RAMAL DE ÁGUA - FORNECIMENTO E INSTALAÇÃO. AF_06/2022 | F76: 90 | G76: m | H76: 32.69 | I76: =ROUND(H76*1.2835,2) -> 41.96 | J76: =F76*H76 -> 2942.1 | K76: =ROUND(F76*I76,2) -> 3776.4 | L76: Dreno ar condicionado
J77: =F77*H77 -> 0 | K77: =F77*I77 -> 0
B78: 4 | E78: SERVIÇOS COMPLEMENTARES | K78: =SUM(K79:K95) -> 41354.52
B79: 4.1 | C79: SINAPI | D79: 104780 | E79: RASGO LINEAR MECANIZADO EM ALVENARIA, PARA ELETRODUTOS, DIÂMETROS MENORES OU IGUAIS A 40 MM. AF_09/2023 | F79: 230 | G79: m | H79: 8.23 | I79: =ROUND(H79*1.2835,2) -> 10.56 | J79: =F79*H79 -> 1892.9 | K79: =ROUND(F79*I79,2) -> 2428.8
B80: 4.2 | C80: SINAPI | D80: 104789 | E80: DEMOLIÇÃO DE PISO DE CONCRETO SIMPLES, DE FORMA MANUAL, SEM REAPROVEITAMENTO. AF_09/2023 | F80: 50 | G80: m3 | H80: 282.61 | I80: =ROUND(H80*1.2835,2) -> 362.73 | J80: =F80*H80 -> 14130.5 | K80: =ROUND(F80*I80,2) -> 18136.5
B81: 4.3 | C81: SINAPI | D81: 103075 | E81: EXECUÇÃO DE PISO DE CONCRETO, COM ACABAMENTO SUPERFICIAL, ESPESSURA DE 15 CM, FCK = 30 MPA, COM USO DE FORMAS EM MADEIRA SERRADA. AF_09/2021 | F81: 20 | G81: m3 | H81: 197.87 | I81: =ROUND(H81*1.2835,2) -> 253.97 | J81: =F81*H81 -> 3957.4 | K81: =ROUND(F81*I81,2) -> 5079.4
B82: 4.4 | C82: SINAPI | D82: 90082 | E82: ESCAVAÇÃO MECANIZADA DE VALA COM PROF. ATÉ 1,5 M (MÉDIA MONTANTE E JUSANTE/UMA COMPOSIÇÃO POR TRECHO), ESCAVADEIRA (0,8 M3), LARG. DE 1,5 M A 2,5 M, EM SOLO DE 1A CATEGORIA, EM LOCAIS COM ALTO NÍVEL DE INTERFERÊNCIA. AF_09/2024 | F82: 230 | G82: m3 | H82: 10.94 | I82: =ROUND(H82*1.2835,2) -> 14.04 | J82: =F82*H82 -> 2516.2 | K82: =ROUND(F82*I82,2) -> 3229.2
B83: 4.5 | C83: FDE | D83: 16.43.099 | E83: SERVIÇOS DE FUROS EM CONCRETO | F83: 2 | G83: MV | H83: 572.96 | I83: =ROUND(H83*1.2835,2) -> 735.39 | J83: =F83*H83 -> 1145.92 | K83: =ROUND(F83*I83,2) -> 1470.78
B85: 4.6 | C85: FDE | D85: 04.01.003 | E85: ALVENARIA DE TIJOLO DE BARRO MACICO E=1 TIJOLO | F85: 6 | G85: m2 | H85: 256.49 | I85: =ROUND(H85*1.2835,2) -> 329.2 | J85: =F85*H85 -> 1538.94 | K85: =ROUND(F85*I85,2) -> 1975.2
B86: 4.7 | C86: FDE | D86: 07.03.131 | E86: TELHA GALVALUME / ACO GALV PINT 1 FACE PO/COIL-COATING TRAPEZ H=100MM E=0,65MM | F86: 3 | G86: m2 | H86: 133.77 | I86: =ROUND(H86*1.2835,2) -> 171.69 | J86: =F86*H86 -> 401.31 | K86: =ROUND(F86*I86,2) -> 515.07
B87: 4.8 | C87: FDE | D87: 07.04.121 | E87: RUFO DENTADO ACO GALV PINT PO/COIL-COATING E=0,65MM CORTE ATE 400MM | F87: 3 | G87: m2 | H87: 92.58 | I87: =ROUND(H87*1.2835,2) -> 118.83 | J87: =F87*H87 -> 277.74 | K87: =ROUND(F87*I87,2) -> 356.49
B88: 4.9 | C88: FDE | D88: 07.01.027 | E88: EM TERCAS PARA TELHAS TRAPEZOIDAIS | F88: 3 | G88: m2 | H88: 23.66 | I88: =ROUND(H88*1.2835,2) -> 30.37 | J88: =F88*H88 -> 70.98 | K88: =ROUND(F88*I88,2) -> 91.11
B89: 4.10 | C89: SINAPI | D89: 88485 | E89: FUNDO SELADOR ACRÍLICO, APLICAÇÃO MANUAL EM PAREDE, UMA DEMÃO. AF_04/2023 | F89: 10 | G89: m2 | H89: 5.15 | I89: =ROUND(H89*1.2835,2) -> 6.61 | J89: =F89*H89 -> 51.5 | K89: =ROUND(F89*I89,2) -> 66.1
B90: 4.11 | C90: SINAPI | D90: 88489 | E90: PINTURA LÁTEX ACRÍLICA PREMIUM, APLICAÇÃO MANUAL EM PAREDES, DUAS DEMÃOS. AF_04/2023 | F90: 20 | G90: m2 | H90: 15.17 | I90: =ROUND(H90*1.2835,2) -> 19.47 | J90: =F90*H90 -> 303.4 | K90: =ROUND(F90*I90,2) -> 389.4
B92: 4.12 | C92: FDE | D92: 16.80.097 | E92: CAÇAMBA DE 4M3 PARA RETIRADA DE ENTULHO | F92: 1 | G92: UN | H92: 740.55 | I92: =ROUND(H92*1.2835,2) -> 950.5 | J92: =F92*H92 -> 740.55 | K92: =ROUND(F92*I92,2) -> 950.5
B93: 4.13 | C93: FDE | D93: 16.80.098 | E93: RETIRADA DE ENTULHO | F93: 16 | G93: m3 | H93: 99.94 | I93: =ROUND(H93*1.2835,2) -> 128.27 | J93: =F93*H93 -> 1599.04 | K93: =ROUND(F93*I93,2) -> 2052.32
B94: 4.14 | C94: FDE | D94: 16.11.005 | E94: LIMPEZA DA OBRA | F94: 100 | G94: m2 | H94: 15.63 | I94: =ROUND(H94*1.2835,2) -> 20.06 | J94: =F94*H94 -> 1563 | K94: =ROUND(F94*I94,2) -> 2006
B95: 4.15 | C95: Composição | D95: =Composição!D64 -> Item 12 | E95: =Composição!E64 -> Placa de inauguração em bronze medindo 1,00 metro x 0,60 metros | F95: 1 | G95: UN | H95: 2031.67 | I95: =ROUND(H95*1.2835,2) -> 2607.65 | J95: =F95*H95 -> 2031.67 | K95: =ROUND(F95*I95,2) -> 2607.65
F98: TOTAL | J98: =SUM(J8:J96) -> 197151.19 | K98: =SUM(K8:K96)/2 -> 253044.08

Sheet BDI
A1: TAXA REPRESENTATIVA DO LUCRO
A2: 1. Lucro estimado (L) | B2: 0.074
A3: PARCELAS RELATIVAS A DESPESAS DE RATEIO DA ADMINISTRAÇÃO CENTRAL
A4: 1. Administração Central (AC) | B4: 0.0259
A5: PARCELAS RELATIVAS ÀS DESPESAS FINANCEIRAS
A6: 1. Despesas Financeiras (DF) | B6: 0.01
A7: PARCELAS RELATIVAS A SEGUROS, RISCOS E GARANTIAS DE OBRA
A8: 1. Seguros (S) | B8: 0.004
A9: 2. Garantias (G) | B9: 0.004
A10: 3. Riscos (R) | B10: 0.0095
A11: Subtotal Seguros + Riscos + Garantias | B11: =SUM(B8:B10) -> 0.0175
A12: PARCELAS RELATIVAS À INCIDÊNCIA DE TRIBUTOS
A13: 1. Imposto Sobre Serviços – ISS | B13: 0.0201
A14: 2. Impostos que incidem sobre o faturamento – PIS | B14: 0.0046
A15: 3. Impostos que incidem sobre o faturamento – COFINS | B15: 0.0213
A16: 4. Contribuição previdenciária | B16: 0.0722
A17: Subtotal Tributos (T) | B17: =SUM(B13:B16) -> 0.1182
A19: Considerando os percentuais acima e aplicando-se a fórmula abaixo, tem-se
A24: Onde:
A25: AC: taxa de administração central;
A26: S: taxa de seguros;
A27: R: taxa de riscos;
A28: G: taxa de garantias;
A29: DF: taxa de despesas financeiras.
A30: L: taxa de lucro/remuneração;
A31: T: taxa de incidência de tributos;
A33: BDI adotado na proposta (Acórdão TCU-Plenário nº 2622/2013) | B33: =((((1+(B4+B10+B8+B9))*(1+B6)*(1+B2))/(1-B17))-1)*100 -> 28.353109

Sheet Cronograma Físico Financeiro
B2: CRONOGRAMA FÍSICO-FINANCEIRO - EMEF PROFª MARIA AP. DE SOUZA BARBETI
B3: OBRA: | C3: REFORMA DE INSTALAÇÕES ELÉTRICAS PARA INSTALAÇÃO DE AR CONDICIONADO
B4: DATA: | C4: DEZEMBRO DE 2025
B6: ETAPA | C6: TOTAL | D6: MÊS 1 | E6: MÊS 2 | F6: MÊS 3 | G6: MÊS 4
B7: SERVIÇOS INCIAIS | C7: ='Planilha de Materiais e Serviço'!K8 -> 4971.13 | D7: ='Planilha de Materiais e Serviço'!K8*D8 -> 2485.565 | E7: ='Planilha de Materiais e Serviço'!K8*E8 -> 2485.565 | F7: ='Planilha de Materiais e Serviço'!K8*F8 -> 0 | G7: ='Planilha de Materiais e Serviço'!K8*G8 -> 0
C8: 1 | D8: 0.5 | E8: 0.5 | F8: 0 | G8: 0
B9: INSTALAÇÕES ELÉTRICAS | C9: ='Planilha de Materiais e Serviço'!K12 -> 202942.03 | D9: ='Planilha de Materiais e Serviço'!K12*D10 -> 81176.812 | E9: ='Planilha de Materiais e Serviço'!K12*E10 -> 60882.609 | F9: ='Planilha de Materiais e Serviço'!K12*F10 -> 40588.406 | G9: ='Planilha de Materiais e Serviço'!K12*G10 -> 20294.203
C10: 1 | D10: 0.4 | E10: 0.3 | F10: 0.2 | G10: 0.1
B11: INSTALAÇÕES HIDRÁULICAS | C11: ='Planilha de Materiais e Serviço'!K75 -> 3776.4 | D11: 0 | E11: 0 | F11: ='Planilha de Materiais e Serviço'!K75*F12 -> 3776.4 | G11: 0
C12: 1 | D12: 0 | E12: 0 | F12: 1 | G12: 0
B13: SERVIÇOS COMPLEMENTARES | C13: ='Planilha de Materiais e Serviço'!K78 -> 41354.52 | D13: ='Planilha de Materiais e Serviço'!K78*D14 -> 16541.808 | E13: ='Planilha de Materiais e Serviço'!K78*E14 -> 20677.26 | F13: ='Planilha de Materiais e Serviço'!K78*F14 -> 0 | G13: ='Planilha de Materiais e Serviço'!K78*G14 -> 4135.452
C14: 1 | D14: 0.4 | E14: 0.5 | F14: 0 | G14: 0.1
B16: TOTAL MEDIÇÕES | C16: =C7+C9+C11+C13 -> 253044.08 | D16: =D7+D9+D11+D13 -> 100204.19 | E16: =E7+E9+E11+E13 -> 84045.434 | F16: =F7+F9+F11+F13 -> 44364.806 | G16: =G7+G9+G11+G13 -> 24429.655
C17: 1 | D17: =D16/$C$16 -> 0.39599498 | E17: =E16/$C$16 -> 0.33213752 | F17: =F16/$C$16 -> 0.17532442 | G17: =G16/$C$16 -> 0.096543081
C18: ACUMULADO | D18: =D17 -> 0.39599498 | E18: =D18+E17 -> 0.7281325 | F18: =E18+F17 -> 0.90345692 | G18: =F18+G17 -> 1

Sheet Composição
C2: PLANILHA DE MATERIAIS E SERVIÇOS - EMEF PROFª MARIA AP. DE SOUZA BARBETI
C3: OBRA: | E3: REFORMA DE INSTALAÇÕES ELÉTRICAS PARA INSTALAÇÃO DE AR CONDICIONADO
C4: DATA: | E4: DEZEMBRO DE 2025
H5: BDI | I5: 0.2835
B7: Item | C7: Fonte | D7: Código | E7: Descrição | F7: Qde | G7: Unid | H7: Valor Unit. (sem BDI) - R$ | I7: Valor Total (sem BDI) - R$ | J7: Valor Total (com BDI) - R$
B8: 2 | E8: INSTALAÇÕES ELÉTRICAS
C9: Composição | D9: Item 1 | E9: Tampa p/ curva horizontal 90° 100x50mm | F9: 1 | G9: PÇ | I9: =I10+I11+I12 -> 27.429 | J9: =TRUNC(I9*(1+$I$5),2) -> 35.2
C10: CDHU | D10: B.01.000.010115 | E10: Eletricista | F10: 0.3 | G10: H | H10: 33.12 | I10: =F10*H10 -> 9.936 | J10: =TRUNC(I10*(1+$I$5),2) -> 12.75
C11: CDHU | D11: B.01.000.010116 | E11: Ajudante eletricista | F11: 0.3 | G11: H | H11: 22.71 | I11: =F11*H11 -> 6.813 | J11: =TRUNC(I11*(1+$I$5),2) -> 8.74
C12: Orçamento | E12: Tampa p/ curva horizontal 90° 100x50mm | F12: 1 | G12: PÇ | H12: 10.68 | I12: =F12*H12 -> 10.68 | J12: =TRUNC(I12*(1+$I$5),2) -> 13.7
C14: Composição | D14: Item 2 | E14: Saída de eletrocalha horizontal para eletroduto | F14: 1 | G14: PÇ | I14: =I15+I16+I17 -> 18.929 | J14: =TRUNC(I14*(1+$I$5),2) -> 24.29
C15: CDHU | D15: B.01.000.010115 | E15: Eletricista | F15: 0.3 | G15: H | H15: 33.12 | I15: =F15*H15 -> 9.936 | J15: =TRUNC(I15*(1+$I$5),2) -> 12.75
C16: CDHU | D16: B.01.000.010116 | E16: Ajudante eletricista | F16: 0.3 | G16: H | H16: 22.71 | I16: =F16*H16 -> 6.813 | J16: =TRUNC(I16*(1+$I$5),2) -> 8.74
C17: Orçamento | E17: Saída de eletrocalha horizontal para eletroduto | F17: 1 | G17: PÇ | H17: 2.18 | I17: =F17*H17 -> 2.18 | J17: =TRUNC(I17*(1+$I$5),2) -> 2.79
C19: Composição | D19: Item 3 | E19: Curva horizontal 90° 100x50mm | F19: 1 | G19: PÇ | I19: =I20+I21+I22 -> 35.479 | J19: =TRUNC(I19*(1+$I$5),2) -> 45.53
C20: CDHU | D20: B.01.000.010115 | E20: Eletricista | F20: 0.3 | G20: H | H20: 33.12 | I20: =F20*H20 -> 9.936 | J20: =TRUNC(I20*(1+$I$5),2) -> 12.75
C21: CDHU | D21: B.01.000.010116 | E21: Ajudante eletricista | F21: 0.3 | G21: H | H21: 22.71 | I21: =F21*H21 -> 6.813 | J21: =TRUNC(I21*(1+$I$5),2) -> 8.74
C22: Orçamento | E22: Curva horizontal 90° 100x50mm | F22: 1 | G22: PÇ | H22: 18.73 | I22: =F22*H22 -> 18.73 | J22: =TRUNC(I22*(1+$I$5),2) -> 24.03
C24: Composição | D24: Item 4 | E24: Terminal para eletrocalha 100x50mm | F24: 1 | G24: PÇ | H24: - | I24: =I25+I26+I27 -> 19.679 | J24: =TRUNC(I24*(1+$I$5),2) -> 25.25
C25: CDHU | D25: B.01.000.010115 | E25: Eletricista | F25: 0.3 | G25: H | H25: 33.12 | I25: =F25*H25 -> 9.936 | J25: =TRUNC(I25*(1+$I$5),2) -> 12.75
C26: CDHU | D26: B.01.000.010116 | E26: Ajudante eletricista | F26: 0.3 | G26: H | H26: 22.71 | I26: =F26*H26 -> 6.813 | J26: =TRUNC(I26*(1+$I$5),2) -> 8.74
C27: Orçamento | E27: Terminal para eletrocalha 100x50mm | F27: 1 | G27: PÇ | H27: 2.93 | I27: =F27*H27 -> 2.93 | J27: =TRUNC(I27*(1+$I$5),2) -> 3.76
C29: Composição | D29: Item 5 | E29: Abraçadeira galvanizada tipo D com cunha 3´ | F29: 1 | G29: UN | H29: - | I29: =I30+I31+I32 -> 20.999 | J29: =TRUNC(I29*(1+$I$5),2) -> 26.95
C30: CDHU | D30: B.01.000.010115 | E30: Eletricista | F30: 0.3 | G30: H | H30: 33.12 | I30: =F30*H30 -> 9.936 | J30: =TRUNC(I30*(1+$I$5),2) -> 12.75
C31: CDHU | D31: B.01.000.010116 | E31: Ajudante eletricista | F31: 0.3 | G31: H | H31: 22.71 | I31: =F31*H31 -> 6.813 | J31: =TRUNC(I31*(1+$I$5),2) -> 8.74
C32: Orçamento | E32: Abraçadeira galvanizada tipo D com cunha 3´ | F32: 1 | G32: UN | H32: 4.25 | I32: =F32*H32 -> 4.25 | J32: =TRUNC(I32*(1+$I$5),2) -> 5.45
C34: Composição | D34: Item 6 | E34: Caixa metálica com tampa nas dimensões, placa de cobre com seção indicada em projeto, isoladores em epóxi e terminais de conexão entre placa e condutor de pressão. 400x400x200m | F34: 1 | G34: UN | H34: - | I34: =I35+I36+I37 -> 701.269 | J34: =TRUNC(I34*(1+$I$5),2) -> 900.07
C35: CDHU | D35: B.01.000.010115 | E35: Eletricista | F35: 0.3 | G35: H | H35: 33.12 | I35: =F35*H35 -> 9.936 | J35: =TRUNC(I35*(1+$I$5),2) -> 12.75
C36: CDHU | D36: B.01.000.010116 | E36: Ajudante eletricista | F36: 0.3 | G36: H | H36: 22.71 | I36: =F36*H36 -> 6.813 | J36: =TRUNC(I36*(1+$I$5),2) -> 8.74
C37: Orçamento | E37: Caixa metálica com tampa nas dimensões, placa de cobre com seção indicada em projeto, isoladores em epóxi e terminais de conexão entre placa e condutor de pressão. 400x400x200m | F37: 1 | G37: UN | H37: 684.52 | I37: =F37*H37 -> 684.52 | J37: =TRUNC(I37*(1+$I$5),2) -> 878.58
C39: Composição | D39: Item 7 | E39: Box cônico 3/4" para condulete | F39: 1 | G39: UN | H39: - | I39: =I40+I41+I42 -> 22.479 | J39: =TRUNC(I39*(1+$I$5),2) -> 28.85
C40: CDHU | D40: B.01.000.010115 | E40: Eletricista | F40: 0.3 | G40: H | H40: 33.12 | I40: =F40*H40 -> 9.936 | J40: =TRUNC(I40*(1+$I$5),2) -> 12.75
C41: CDHU | D41: B.01.000.010116 | E41: Ajudante eletricista | F41: 0.3 | G41: H | H41: 22.71 | I41: =F41*H41 -> 6.813 | J41: =TRUNC(I41*(1+$I$5),2) -> 8.74
C42: Orçamento | E42: Box cônico 3/4" para condulete | F42: 1 | G42: UN | H42: 5.73 | I42: =F42*H42 -> 5.73 | J42: =TRUNC(I42*(1+$I$5),2) -> 7.35
C44: Composição | D44: Item 8 | E44: Abraçadeira galvanizada tipo D com cunha 3/4" | F44: 1 | G44: UN | H44: - | I44: =I45+I46+I47 -> 18.119 | J44: =TRUNC(I44*(1+$I$5),2) -> 23.25
C45: CDHU | D45: B.01.000.010115 | E45: Eletricista | F45: 0.3 | G45: H | H45: 33.12 | I45: =F45*H45 -> 9.936 | J45: =TRUNC(I45*(1+$I$5),2) -> 12.75
C46: CDHU | D46: B.01.000.010116 | E46: Ajudante eletricista | F46: 0.3 | G46: H | H46: 22.71 | I46: =F46*H46 -> 6.813 | J46: =TRUNC(I46*(1+$I$5),2) -> 8.74
C47: Orçamento | E47: Abraçadeira galvanizada tipo D com cunha 3/4" | F47: 1 | G47: UN | H47: 1.37 | I47: =F47*H47 -> 1.37 | J47: =TRUNC(I47*(1+$I$5),2) -> 1.75
C49: Composição | D49: Item 9 | E49: Abraçadeira galvanizada tipo D com cunha 1" | F49: 1 | G49: UN | H49: - | I49: =I50+I51+I52 -> 18.379 | J49: =TRUNC(I49*(1+$I$5),2) -> 23.58
C50: CDHU | D50: B.01.000.010115 | E50: Eletricista | F50: 0.3 | G50: H | H50: 33.12 | I50: =F50*H50 -> 9.936 | J50: =TRUNC(I50*(1+$I$5),2) -> 12.75
C51: CDHU | D51: B.01.000.010116 | E51: Ajudante eletricista | F51: 0.3 | G51: H | H51: 22.71 | I51: =F51*H51 -> 6.813 | J51: =TRUNC(I51*(1+$I$5),2) -> 8.74
C52: Orçamento | E52: Abraçadeira galvanizada tipo D com cunha 1" | F52: 1 | G52: UN | H52: 1.63 | I52: =F52*H52 -> 1.63 | J52: =TRUNC(I52*(1+$I$5),2) -> 2.09
C54: Composição | D54: Item 10 | E54: Tampa 3/4" cega para condulete | F54: 1 | G54: UN | H54: - | I54: =I55+I56+I57 -> 20.859 | J54: =TRUNC(I54*(1+$I$5),2) -> 26.77
C55: CDHU | D55: B.01.000.010115 | E55: Eletricista | F55: 0.3 | G55: H | H55: 33.12 | I55: =F55*H55 -> 9.936 | J55: =TRUNC(I55*(1+$I$5),2) -> 12.75
C56: CDHU | D56: B.01.000.010116 | E56: Ajudante eletricista | F56: 0.3 | G56: H | H56: 22.71 | I56: =F56*H56 -> 6.813 | J56: =TRUNC(I56*(1+$I$5),2) -> 8.74
C57: Orçamento | E57: Tampa 3/4" cega para condulete | F57: 1 | G57: UN | H57: 4.11 | I57: =F57*H57 -> 4.11 | J57: =TRUNC(I57*(1+$I$5),2) -> 5.27
C59: Composição | D59: Item 11 | E59: Tampão 3/4" para condulete | F59: 1 | G59: UN | H59: - | I59: =I60+I61+I62 -> 17.059 | J59: =TRUNC(I59*(1+$I$5),2) -> 21.89
C60: CDHU | D60: B.01.000.010115 | E60: Eletricista | F60: 0.3 | G60: H | H60: 33.12 | I60: =F60*H60 -> 9.936 | J60: =TRUNC(I60*(1+$I$5),2) -> 12.75
C61: CDHU | D61: B.01.000.010116 | E61: Ajudante eletricista | F61: 0.3 | G61: H | H61: 22.71 | I61: =F61*H61 -> 6.813 | J61: =TRUNC(I61*(1+$I$5),2) -> 8.74
C62: Orçamento | E62: Tampão 3/4" para condulete | F62: 1 | G62: UN | H62: 0.31 | I62: =F62*H62 -> 0.31 | J62: =TRUNC(I62*(1+$I$5),2) -> 0.39
C64: Composição | D64: Item 12 | E64: Placa de inauguração em bronze medindo 1,00 metro x 0,60 metros | F64: 1 | G64: UN | H64: - | I64: =I65+I66+I67 -> 2031.67 | J64: =TRUNC(I64*(1+$I$5),2) -> 2607.64
C65: CDHU | D65: B.01.000.010115 | E65: Eletricista | F65: 2 | G65: H | H65: 33.12 | I65: =F65*H65 -> 66.24 | J65: =TRUNC(I65*(1+$I$5),2) -> 85.01
C66: CDHU | D66: B.01.000.010116 | E66: Ajudante eletricista | F66: 2 | G66: H | H66: 22.71 | I66: =F66*H66 -> 45.42 | J66: =TRUNC(I66*(1+$I$5),2) -> 58.29
C67: SINAPE | D67: 10849 | E67: PLACA DE INAUGURACAO EM BRONZE *35X 50*CM | F67: 1 | G67: UN | H67: 1920.01 | I67: =F67*H67 -> 1920.01 | J67: =TRUNC(I67*(1+$I$5),2) -> 2464.33
